 Dungeon Crawl Stone Soup version 0.30-a0-457-g4b7bca3bfa (webtiles) character file.

Game seed: 14504162346628280379

45 McMuffin the Trooper (level 3, -3/29 HPs)
             Began as a Demonspawn Monk on Dec 12, 2022.
             Slain by a gnoll
             ... wielding a +0 flail
              (8 damage)
             ... on level 2 of the Dungeon.
             The game lasted 00:04:47 (1081 turns).

McMuffin the Trooper (Demonspawn Monk)              Turns: 1081, Time: 00:04:48

Health: -3/29      AC:  3    Str: 11    XL:     3   Next: 42%
Magic:  3/3        EV: 13    Int: 11    God:
Gold:   70         SH:  0    Dex: 17    Spells: 2/2 levels left

rFire   . . .      SeeInvis .    a - +0 falchion
rCold   . . .      Faith    .    (no shield)
rNeg    . . .      Spirit   .    b - +0 robe
rPois   .          Reflect  .    (no helmet)
rElec   .          Harm     .    f - +0 cloak
rCorr   .          Rampage  .    (no gloves)
Will    .....                    (no boots)
Stlth   ++........               (no amulet)
HPRegen 0.24/turn                (no ring)
MPRegen 0.08/turn                (no ring)

@: no status effects
A: powered by pain 1
a: no special abilities


You were on level 2 of the Dungeon.
You visited 1 branch of the dungeon, and saw 2 of its levels.

You collected 70 gold pieces.

Inventory:

Hand Weapons
 a - a +0 falchion (weapon)
 d - a +2 great sword of holy wrath
Missiles
 e - 5 boomerangs (quivered)
Armour
 b - a +0 robe (worn)
 f - a +0 cloak (worn)
Scrolls
 g - 2 scrolls of identify {unknown}
 h - a scroll of magic mapping {unknown}
 i - a scroll of fear {unknown}
 l - a scroll of noise {unknown}
Potions
 c - a potion of ambrosia
 j - a potion of brilliance {unknown}
 k - a potion of curing {unknown}


   Skills:
 + Level 3.2 Fighting
 + Level 3.2 Long Blades
 + Level 3.1 Dodging
 + Level 2.2 Stealth


You had 2 spell levels left.
You didn't know any spells.
Your spell library was empty.

Dungeon Overview and Level Annotations

Branches:
Dungeon (2/15)

Altars:

Shops:
D:1 *


Innate Abilities, Weirdness & Mutations

You sometimes gain a little power by taking damage.


Message History

Press: ? - help, Q - select action Shift-Dir - straight line, f - ball python
Aim: a ball python (asleep, 98% to hit)
You throw a boomerang. The boomerang hits the ball python.
You kill the ball python!
k - a brown potion You now have 70 gold pieces (gained 8).
A rat comes into view.
Found a scroll labelled LOYMMEDGHAF.
Throw: 6 boomerangs
Press: ? - help, Q - select action Shift-Dir - straight line, f - rat
Aim: a rat (asleep, 98% to hit)
You throw a boomerang. The boomerang hits the rat.
You kill the rat!
Found a stone staircase leading up.
g - 2 scrolls labelled LOYMMEDGHAF (gained 1)
There is an open door here.
There is an open door here.
l - a scroll labelled TUECKEWYEH 4 gnolls come into view.
Throw: 5 boomerangs
Press: ? - help, Q - select action Shift-Dir - straight line, f - gnoll
Aim: a gnoll, wielding a +0 flail (asleep, 98% to hit)
Okay, then.
The helpless gnoll fails to defend itself.
You hit the gnoll.
The gnoll is moderately wounded.
The gnoll shouts! x2
A bat comes into view.
The gnoll hits you with a +0 flail!
You hit the gnoll.
The gnoll is severely wounded.
The gnoll hits you with a +0 flail!
You hit the gnoll but do no damage.
The gnoll is severely wounded.
The gnoll hits you with a +0 flail.
* * * LOW HITPOINT WARNING * * *
You barely miss the gnoll.
The gnoll is severely wounded.
The gnoll hits you with a +0 flail!
You die...

#######
#.....#
#.###.#
.#######.###.#
..bgggg@..##.#
.#######..##.#
#..##.#
#..##.#
#.....#
##.#### #.#
##.# #..#


You could see 4 gnolls and a bat.

Vanquished Creatures
  3 dart slugs (D:1)
  5 endoplasms (D:1)
  2 giant cockroaches (D:1)
  6 goblins
  A hobgoblin (D:2)
  5 kobolds (D:1)
  3 quokkas (D:1)
  3 ball pythons
  A bat (D:2)
  A frilled lizard (D:2)
  5 rats
35 creatures vanquished.

Notes
Turn   | Place    | Note
-------+----------+-------------------------------------------
     0 | D:1      | McMuffin the Demonspawn Monk began the quest for the Orb.
     0 | D:1      | Reached XP level 1. HP: 18/18 MP: 1/1
   153 | D:1      | Gained mutation: You sometimes gain a little power by
                  | taking damage. [demonic ancestry]
   153 | D:1      | Reached XP level 2. HP: 16/24 MP: 2/2
   371 | D:1      | Reached XP level 3. HP: 29/29 MP: 3/3
   511 | D:1      | Found Naanuodgh's Assorted Antiques.
  1081 | D:2      | Slain by a gnoll

Illustrated notes

Levels and vault maps discovered:
D:1:      dpeg_arrival_snail, layout_rooms, serial_shops, shop
D:2:      layout_loops_corners, serial_shops, shop,
          chequers_serial_rivers_micro_e, kennysheep_big_empty_room

Skill      XL: |  1  2 |
---------------+-------+-----
Dodging        | 3 |  3.1
Long Blades    | 3 |  3.2
Stealth        | 2 |  2.2
Fighting       | |  3.2

Action                   || total
-------------------------++-------
Melee: Falchion          ||    77
Throw: Boomerang         ||    13
 Stab: Sleeping          ||     7
Armor: Robe              ||    16
Dodge: Dodged            ||    63

Table legend: (Time is in decaauts)
 A = Elapsed time spent in this place.
 B = Non-inter-level travel time spent in this place.
 C = Inter-level travel time spent in this place.
 D = Time resting spent in this place.
 E = Time spent auto-exploring this place.
 F = Levels seen in this place.
 G = Mean time per level.
                   A        B        C        D        E       F      G
               +--------+--------+--------+--------+--------+-----+--------+
         Total |   1095 |   1095 |      0 |     83 |    579 |   2 |  547.5 |
       Dungeon |   1095 |   1095 |      0 |     83 |    579 |   2 |  547.5 |
               +--------+--------+--------+--------+--------+-----+--------+

Top non-repeatable levels by time:
     D:1: 648 daAuts
     D:2: 447 daAuts
